 Dungeon Crawl Stone Soup version 0.30-a0-1074-g5db6f66fbb (webtiles) character file.

Game seed: 4024989497982719729

1151 Arzdou the Caller (level 8, 59/59 HPs)
             Began as a Hill Orc Summoner on Apr 13, 2023.
             Was an Initiate of Okawaru.
             Quit the game in the Ecumenical Temple.
             The game lasted 00:17:05 (6720 turns).

Arzdou the Caller (Hill Orc Summoner)               Turns: 6720, Time: 00:17:06

Health: 59/59      AC:  2    Str: 11    XL:     8   Next: 38%
Magic:  13/13      EV: 17    Int: 17    God:    Okawaru [......]
Gold:   270        SH:  0    Dex: 11    Spells: 5/14 levels left

rFire   . . .      SeeInvis .    s - +1 broad axe (venom)
rCold   . . .      Faith    .    (no shield)
rNeg    . . .      Spirit   .    a - +0 robe
rPois   .          Reflect  .    (no helmet)
rElec   .          Rampage  .    (no cloak)
rCorr   .                        (no gloves)
Will    +....                    (no boots)
Stlth   ++                       (no amulet)
HPRegen 0.29/turn                o - ring of willpower
MPRegen 0.13/turn                r - +5 ring of evasion

@: no status effects
A: no striking features
a: Renounce Religion


You were in the Ecumenical Temple.
You worshipped Okawaru.
Okawaru was noncommittal.
You visited 2 branches of the dungeon, and saw 6 of its levels.

You collected 344 gold pieces.
You spent 74 gold pieces at shops.

Inventory:

Hand Weapons
 s - a +1 broad axe of venom (weapon)
 w - a +8 dagger of venom
Armour
 a - a +0 robe (worn)
 m - a +0 leather armour
Jewellery
 o - a ring of willpower (left hand)
 r - a +5 ring of evasion (right hand)
 y - a +4 ring of protection
Wands
 v - a wand of flame (8)
 x - a wand of quicksilver (7)
Scrolls
 c - a scroll of fear {unknown}
 d - 2 scrolls of enchant weapon
 f - a scroll of noise {unknown}
 g - 3 scrolls of teleportation
 k - a scroll of enchant armour {unknown}
 p - a scroll of silence {unknown}
 t - a scroll of poison {unknown}
 C - a scroll of amnesia {unknown}
Potions
 b - a potion of magic
 e - 2 potions of heal wounds
 h - a potion of flight {unknown}
 j - 3 potions of attraction
 l - 3 potions of might
 n - a potion of invisibility {unknown}
 q - a potion of mutation
 u - 2 potions of cancellation
 z - a potion of haste
 A - a potion of brilliance
 B - 2 potions of curing


   Skills:
 + Level 1.3 Fighting
 * Level 5.7 Axes
 + Level 2.0 Dodging
 + Level 2.4 Stealth
 + Level 0.9 Unarmed Combat
 + Level 3.5 Spellcasting
 * Level 7.8 Summonings


You had 5 spell levels left.
You knew the following spells:

 Your Spells              Type           Power      Damage    Failure   Level
a - Summon Small Mammal   Summ           100%       N/A       1%          1
b - Call Canine Familiar  Summ           29%        N/A       1%          3
c - Call Imp              Summ           58%        N/A       1%          2
d - Summon Guardian Gole  Hex/Summ       16%        N/A       10%         3

Your spell library contained the following spells:

 Spells                   Type           Power      Damage    Failure   Level
 Slow                     Hex            8%         N/A       17%         1
 Confusing Touch          Hex            2%         N/A       45%         3
 Vampiric Draining        Necr           2%         2d6       45%         3
 Eringya's Noxious Bog    Tmut/Pois      1%         N/A       100%        6
 Summon Lightning Spire   Summ/Air       Unusable   N/A       N/A         4
 Summon Forest            Summ/Tloc      Unusable   N/A       N/A         5
 Summon Hydra             Summ           Unusable   N/A       N/A         7

Dungeon Overview and Level Annotations

Branches:
Dungeon (5/15)             Temple (1/1) D:5

Altars:
Cheibriados
Dithmenos
Elyvilon
Fedhas
Gozag
Hepliaklqana
Kikubaaqudgha
Makhleb
Nemelex Xobeh
Okawaru
Qazlal
Trog
Uskayaw
Vehumet
Wu Jian
Xom
Zin
The Shining One

Shops:
D:3 (   D:4 ?


Message History

It is a scroll of enchant weapon.
Your +0 broad axe of venom glows red for a moment.
There is a staircase to the Ecumenical Temple here.
You climb downwards.
Welcome to the Ecumenical Temple!
There is a staircase back to the Dungeon here.
Found a stormy altar of Qazlal.
Found an opulent altar of Gozag.
Found a blossoming altar of Fedhas.
Found a glowing silver altar of Zin.
Found a bloodstained altar of Trog.
There is a bloodstained altar of Trog here.
Found an ornate altar of the Wu Jian Council.
Found a hide-covered altar of Uskayaw.
Found a radiant altar of Vehumet.
Found a hazy altar of Hepliaklqana.
Found a shadowy altar of Dithmenos.
Found a glowing golden altar of the Shining One.
Found an ancient bone altar of Kikubaaqudgha.
Found a burning altar of Makhleb.
Found a snail-covered altar of Cheibriados.
There is a snail-covered altar of Cheibriados here.
Found a sparkling altar of Nemelex Xobeh.
Found a white marble altar of Elyvilon.
Found an iron altar of Okawaru.
Found a shimmering altar of Xom.
There is a burning altar of Makhleb here.
Partly explored, can't reach some places.
There's nothing to open nearby.
Unknown command.
There is an iron altar of Okawaru here.
You kneel at the altar of Okawaru.
Okawaru welcomes you!
Casting: Summon Guardian Golem (dangerous; 10% risk of failure)
Confirm with . or Enter, or press ? or * to list all spells.
You cannot coerce anything to answer your summons.
Casting: Summon Guardian Golem (dangerous; 10% risk of failure)
Confirm with . or Enter, or press ? or * to list all spells.
You cannot coerce anything to answer your summons.
You cannot coerce anything to answer your summons.
Are you sure you want to abandon this character and quit the game? (Confirm with "yes".)

.....#......≈≈##
....###......≈≈##
...#####......≈≈#################
..###.###......≈≈≈≈≈≈≈≈≈≈≈≈≈≈≈≈≈≈
.###...###.......................
###.._..###....._.............._.
##...............................
#......###################.......
.....#########..@..######.......≈
....#####.............##.......≈≈
....#................##.......≈≈#
#........######......#.......≈≈##
###.........######..........≈≈##
.....<........######...._..≈≈##
........###......####.......≈≈##
##........###......###.......≈≈##
......#....###......###.......≈≈#


There were no monsters in sight!

Vanquished Creatures
  Blork the orc (D:4)
  2 scorpions
  3 hounds
  An orc priest (D:5)
  A sleepcap (D:5)
  Jessica (D:3)
  An iguana (D:5)
  A worm (D:5)
  2 orcs
  A bat (D:1)
  6 endoplasms
  4 hobgoblins
  2 ball pythons
  2 frilled lizards
  2 goblins
  3 rats
33 creatures vanquished.

Vanquished Creatures (collateral kills)
  Edmund (D:5)
  A sky beast (D:5)
  An ice beast (D:5)
  3 scorpions
  An orc priest (D:5)
  3 iguanas
  An orc wizard (D:5)
  6 adders
  A worm (D:3)
  4 orcs (D:5)
  6 ball pythons
  4 endoplasms
  2 giant cockroaches (D:1)
  8 goblins
  6 hobgoblins
  6 jackals
  4 quokkas
  5 bats
  3 frilled lizards
  5 kobolds
  2 rats
73 creatures vanquished.

Grand Total: 106 creatures vanquished

Notes
Turn   | Place    | Note
-------+----------+-------------------------------------------
     0 | D:1      | Arzdou the Hill Orc Summoner began the quest for the Orb.
     0 | D:1      | Reached XP level 1. HP: 14/14 MP: 3/3
   221 | D:1      | Reached XP level 2. HP: 12/20 MP: 1/4
   863 | D:1      | Reached XP level 3. HP: 24/26 MP: 3/5
   867 | D:1      | Learned a level 3 spell: Call Canine Familiar
  1216 | D:2      | Found a faded altar of an unknown god.
  1559 | D:2      | Identified the +3 trident of Zoercheluf {speed, rPois rF+
                  | Dex+2}
  1777 | D:3      | Reached skill level 5 in Summonings
  1963 | D:3      | Reached XP level 4. HP: 21/34 MP: 4/6
  2852 | D:3      | Found Xitaavism's Weapon Shop.
  2866 | D:3      | Bought a +0 broad axe of venom for 74 gold pieces
  3081 | D:3      | Noticed Jessica
  3098 | D:3      | Killed Jessica
  3099 | D:3      | Reached skill level 1 in Axes
  3099 | D:3      | Reached XP level 5. HP: 22/39 MP: 3/8
  3226 | D:4      | Learned a level 2 spell: Call Imp
  3562 | D:4      | Found Afuubrul's Magic Scroll Shoppe.
  3576 | D:4      | Reached skill level 6 in Summonings
  3586 | D:4      | Reached XP level 6. HP: 46/46 MP: 2/9
  3759 | D:4      | Noticed Blork the orc
  3770 | D:4      | Killed Blork the orc
  5102 | D:5      | Entered Level 5 of the Dungeon
  5110 | D:5      | Reached skill level 7 in Summonings
  5110 | D:5      | Reached XP level 7. HP: 48/51 MP: 4/11
  5318 | D:5      | Found a staircase to the Ecumenical Temple.
  5560 | D:5      | Identified the orb "Ruaczuug" {*Rage, Contam rPois Will+
                  | Regen+}
  5648 | D:5      | Reached skill level 1 in Fighting
  5650 | D:5      | Reached XP level 8. HP: 50/59 MP: 8/12
  5839 | D:5      | Reached skill level 5 in Axes
  5843 | D:5      | Learned a level 3 spell: Summon Guardian Golem
  6121 | D:5      | Noticed Edmund
  6130 | D:5      | Killed Edmund
  6282 | Temple   | Entered the Ecumenical Temple
  6719 | Temple   | Became a worshipper of Warmaster Okawaru
  6720 | Temple   | Quit the game

Illustrated notes

Levels and vault maps discovered:
D:1:      dpeg_arrival_radiant, layout_loops_ring
D:2:      layout_basic, dreamdust_ecumenical_altar_statues,
          minmay_split_cup_large
D:3:      layout_basic, serial_shops, shop_statue, uniq_jessica
D:4:      kb_forest_paths, layout_layer_cave, serial_shops, nicolae_square_shop,
          uniq_blork_the_orc
D:5:      layout_cave_pools, minmay_temple_entry_large_hall, uniq_edmund
Temple:   hc_temple_tempest_star

Skill      XL: |  1  2  3  4  5  6  7  8 |
---------------+-------------------------+-----
Summonings     | 5 6 7 |  7.8
Spellcasting   | 2 3 |  3.5
Axes           | 1 2 4 5 |  5.7
Stealth        | 2 |  2.4
Fighting       | 1 |  1.3
Dodging        | 2 |  2.0
Unarmed Combat | |  0.9

Action                     |  1- 3 |  4- 6 |  7- 9 || total
---------------------------+-------+-------+-------++-------
  Melee: Unarmed           |    80 |     9 |       ||    89
         Broad axe         |       |    44 |    43 ||    87
   Cast: Summon Small Mamm |    56 |    24 |     5 ||    85
         Call Canine Famil |     4 |    19 |    13 ||    36
         Call Imp          |       |     7 |     9 ||    16
         Summon Guardian G |       |       |     2 ||     2
    Use: Scroll            |       |     1 |     9 ||    10
   Stab: Sleeping          |       |     4 |       ||     4
         Distracted        |       |     1 |     2 ||     3
 Armour: Robe              |    26 |     5 |     3 ||    34
  Dodge: Dodged            |    91 |    51 |    47 ||   189

Table legend: (Time is in decaauts)
 A = Elapsed time spent in this place.
 B = Non-inter-level travel time spent in this place.
 C = Inter-level travel time spent in this place.
 D = Time resting spent in this place.
 E = Time spent auto-exploring this place.
 F = Levels seen in this place.
 G = Mean time per level.
                   A        B        C        D        E       F      G
               +--------+--------+--------+--------+--------+-----+--------+
         Total |   6758 |   6632 |    126 |      2 |   5451 |   6 | 1126.3 |
       Dungeon |   6320 |   6228 |     92 |      2 |   5067 |   5 | 1264.0 |
        Temple |    437 |    403 |     34 |      0 |    384 |   1 |  437.0 |
               +--------+--------+--------+--------+--------+-----+--------+

Top non-repeatable levels by time:
     D:4: 1901 daAuts
     D:3: 1466 daAuts
     D:5: 1197 daAuts
     D:1: 1029 daAuts
     D:2: 725 daAuts
  Temple: 437 daAuts
